 Dungeon Crawl Stone Soup version 0.22.0-21-g8bd1b0a (webtiles) character file.

14 Lew the Skirmisher (level 2, -1/24 HPs)
             Began as a Demonspawn Abyssal Knight on Aug 19, 2018.
             Was a Follower of Lugonu.
             Slain by a dart slug (2 damage)
             ... on level 1 of the Dungeon.
             The game lasted 00:01:05 (804 turns).

Lew the Skirmisher (Demonspawn Abyssal Knight)       Turns: 804, Time: 00:01:06

Health: -1/24      AC:  3    Str: 12    XL:     2   Next: 31%
Magic:  3/3        EV: 11    Int: 13    God:    Lugonu [*.....]
Gold:   29         SH:  0    Dex: 12    Spells: 1/1 levels left

rFire    . . .     SeeInvis .   a - +1 falchion
rCold    + . .     Gourm    .   (no shield)
rNeg     . . .     Faith    .   b - +0 leather armour
rPois    .         Spirit   .   (no helmet)
rElec    .         Reflect  .   (no cloak)
rCorr    .         Harm     .   (no gloves)
MR       .....                  (no boots)
Stlth    +.........             (no amulet)
HPRegen  0.08/turn              d - ring of flight
MPRegen  0.08/turn              (no ring)

@: no status effects
A: cold resistance 1
a: Depart the Abyss, Renounce Religion, Evoke Flight


You were on level 1 of the Dungeon.
You worshipped Lugonu.
Lugonu was aware of your devotion.
You were not hungry.

You visited 1 branch of the dungeon, and saw 1 of its levels.
You visited the Abyss 1 time.

You collected 29 gold pieces.

Inventory:

Hand Weapons
 a - a +1 falchion (weapon)
Armour
 b - a +0 leather armour (worn)
Jewellery
 d - a ring of flight (left hand)
Scrolls
 f - a scroll of identify {unknown}
 g - a scroll of blinking {unknown}
 j - a scroll of remove curse {unknown}
 l - a scroll of enchant weapon {unknown}
Potions
 e - 2 potions of curing {unknown}
 h - a potion of might {unknown}
 i - a potion of cancellation {unknown}
 k - a potion of heal wounds {unknown}
 m - a potion of invisibility {unknown}
Comestibles
 c - 4 rations


   Skills:
 + Level 3.2 Fighting
 + Level 2.0 Long Blades
 + Level 2.0 Armour
 + Level 1.2 Dodging
 - Level 2.4 Invocations


You had one spell level left.
You didn't know any spells.
Your spell library was empty.

Dungeon Overview and Level Annotations

Branches:
Dungeon (1/15)

Altars:


Innate Abilities, Weirdness & Mutations

Your flesh is cold resistant. (rC+)


Message History

You are too injured to fight recklessly!
A dart slug is nearby!
You are too injured to fight recklessly!
A dart slug is nearby!
You are too injured to fight recklessly!
The dart slug closely misses you.
You riposte.
You completely miss the dart slug.
The dart slug is severely wounded.
The dart slug bites you.
The dart slug bites you but does no damage.
The dart slug launches a dart at you. The slug dart hits you!
* * * LOW HITPOINT WARNING * * *
The dart slug misses you. The dart slug launches a dart at you.
The slug dart misses you. The dart slug bites you.
* * * LOW HITPOINT WARNING * * *
The dart slug bites you.
You die...

###.#
#.# #.
#.# ##.
#.# ..
#.# #.
#.# #.#
#.# #..
#.# #..
#@# #..
#w# ##..
#.# #...
#.# #.#.
#.# #.#.
#.#
##.#.
...
#....
...
......#.
.###.#.#


You could see a dart slug.

Vanquished Creatures
  2 dart slugs (D:1)
  A goblin (D:1)
  2 hobgoblins (D:1)
  A kobold (D:1)
  2 bats (D:1)
  2 rats (D:1)
10 creatures vanquished.

Notes
Turn   | Place    | Note
-------+----------+-------------------------------------------
     0 | Abyss:1  | Lew the Demonspawn Abyssal Knight began the quest for the Orb.
     0 | Abyss:1  | Reached XP level 1. HP: 18/18 MP: 2/2
    39 | Abyss:1  | Noticed a small abomination
    42 | Abyss:1  | Noticed a large abomination
    50 | Abyss:1  | Noticed an ancient zyme
    60 | Abyss:1  | Noticed an orange demon
    65 | D:1      | Escaped the Abyss
   476 | D:1      | Reached skill level 1 in Dodging
   547 | D:1      | Gained mutation: Your flesh is cold resistant. (rC+) [demonic ancestry]
   547 | D:1      | Reached XP level 2. HP: 22/24 MP: 3/3
   696 | D:1      | Reached * piety under Lugonu
   802 | D:1      | HP: 1/24 [dart slug (2)]
   804 | D:1      | Slain by a dart slug

Skill      XL: |  1 |
---------------+----+-----
Dodging        | 1 |  1.2
Long Blades    | 2 |  2.0
Armour         | 2 |  2.0
Fighting       | |  3.2
Invocations    | |  2.4

Action                   || total
-------------------------++-------
Melee: Falchion          ||    25
Invok: Depart the Abyss  ||     1
 Stab: Sleeping          ||     1
Armor: Leather armour    ||    12
Dodge: Dodged            ||    26
       Rpst.: Falchion   ||    10
